 Seeded DCSS version 0.28-a0-1638-g9123634e07 (webtiles) character file.

Game seed: 15814994978132999474 (custom seed)

13239 wilfster70 the Severer (level 12, -3/90 HPs)
             Began as a Hill Orc Fighter on Jan 25, 2022.
             Was an Elder of Beogh.
             Slain by a seven-headed hydra (8 damage)
             ... on level 11 of the Dungeon.
             The game lasted 00:23:50 (9960 turns).

wilfster70 the Severer (Hill Orc Fighter)           Turns: 9960, Time: 00:23:50

Health: -3/90      AC: 15    Str: 28    XL:     12   Next: 3%
Magic:  23/23      EV: 10    Int:  8    God:    Beogh [****..]
Gold:   1155       SH: 12    Dex: 10    Spells: 11/11 levels left

rFire   + . .      SeeInvis .   e - +0 trident
rCold   . . .      Faith    .   j - +0 kite shield "Naneric" {Slay+3}
rNeg    + + .      Spirit   .   o - +7 leather armour of Distant Shores {rN+}
rPois   +          Reflect  .   (no helmet)
rElec   .          Harm     .   x - +2 cloak {rPois}
rCorr   +          Rampage  .   F - +0 pair of gloves
Will    .....                   z - +0 pair of boots
Stlth   +.........              (no amulet)
HPRegen 0.25/turn               k - ring of positive energy
MPRegen 0.18/turn               n - ring of the Camelopard {rF+ rCorr Str+4}

@: no status effects
A: no striking features
a: Renounce Religion, Smiting, Recall Orcish Followers


You were on level 11 of the Dungeon.
You worshipped Beogh.
Beogh was greatly pleased with you.
You visited 1 branch of the dungeon, and saw 11 of its levels.
You also visited: Bailey.

You collected 1431 gold pieces.
You spent 276 gold pieces at shops.

Inventory:

Hand Weapons
 a - a +8 war axe of venom
 e - a +0 trident (weapon)
 g - a +2 halberd of freezing
Missiles
 c - 3 curare-tipped darts (quivered)
 q - 8 datura-tipped darts
 G - 15 poisoned darts
Armour
 j - the +0 kite shield "Naneric" (worn) {Slay+3}
   (You found it on level 2 of the Dungeon)

   Slay:      It affects your accuracy & damage with ranged weapons and melee
   (+3).
 o - the +7 leather armour of Distant Shores (worn) {rN+}
   (You found it on level 3 of the Dungeon)

   rN:        It protects you from negative energy.
 v - a +0 plate armour
 x - a +2 cloak of poison resistance (worn)
 z - a +0 pair of boots (worn)
 F - a +0 pair of gloves (worn)
Jewellery
 k - a ring of positive energy (left hand)
 n - the ring of the Camelopard (right hand) {rF+ rCorr Str+4}
   (You found it on level 6 of the Dungeon)

   [ring of protection from fire]

   Str:       It affects your strength (+4).
   rF:        It protects you from fire.
   rCorr:     It protects you from acid and corrosion.
 A - a ring of ice
 D - a ring of wizardry
Wands
 h - a wand of polymorph (12)
 m - a wand of paralysis (1)
 C - a wand of acid (8)
 H - a wand of iceblast (4)
Scrolls
 r - a scroll of identify
 s - 2 scrolls of fear
 y - 2 scrolls of amnesia
 E - 2 scrolls of blinking
Potions
 b - a potion of cancellation
 d - 4 potions of might
 f - a potion of brilliance
 i - 10 potions of curing
 l - 7 potions of heal wounds
 p - 3 potions of magic
 t - 2 potions of haste
 u - 3 potions of mutation
 w - a potion of flight
 B - a potion of ambrosia


   Skills:
 - Level 3.6 Fighting
 + Level 15.6 Axes
 - Level 3.2 Armour
 + Level 13.5 Shields
 + Level 14.7 Invocations


You had 11 spell levels left.
You didn't know any spells.
Your spell library contained the following spells:

 Spells                   Type           Power      Damage    Failure   Level
 Sandblast                Erth           0%         2d4       67%         1
 Blink                    Tloc           0%         N/A       80%         2
 Ensorcelled Hibernation  Hex/Ice        0%         N/A       80%         2
 Passwall                 Tmut/Erth      0%         N/A       80%         2
 Static Discharge         Conj/Air       0%         N/A       80%         2
 Gell's Gravitas          Tloc           0%         N/A       95%         3
 Lesser Beckoning         Tloc           0%         N/A       95%         3
 Spider Form              Tmut/Pois      0%         N/A       95%         3
 Stone Arrow              Conj/Erth      0%         3d7       95%         3
 Swiftness                Air            0%         N/A       95%         3
 Teleport Other           Tloc           0%         N/A       95%         3
 Airstrike                Air            0%         N/A       100%        4
 Anguish                  Hex/Necr       0%         N/A       100%        4
 Animate Armour           Summ/Erth      0%         N/A       100%        4
 Dispel Undead            Necr           0%         3d6       100%        4
 Olgreb's Toxic Radiance  Pois           0%         N/A       100%        4
 Sticky Flame             Conj/Fire      0%         2d3       100%        4
 Summon Lightning Spire   Summ/Air       0%         N/A       100%        4
 Blade Hands              Tmut           0%         N/A       100%        5
 Lightning Bolt           Conj/Air       0%         1d11      100%        5
 Iron Shot                Conj/Erth      0%         9d1       100%        6
 Ozocubu's Refrigeration  Ice            0%         4d5       100%        7
 Borgnjor's Revivificati  Necr           0%         N/A       100%        8
 Ignition                 Fire           0%         3d3       100%        8
 Necromutation            Tmut/Necr      0%         N/A       100%        8
 Death's Door             Necr           0%         N/A       100%        9


Dungeon Overview and Level Annotations

Branches:
Dungeon (11/15)            Temple (0/1) D:7            Lair (0/6) D:10
    Orc (0/2) D:9          Bailey (visited)

Altars:
The Shining One
Beogh

Shops:
D:2 [   D:6 *=   D:10 (


Message History

You block the seven-headed hydra's attack.
The seven-headed hydra bites you!
The seven-headed hydra bites you but does no damage.
You hit the seven-headed hydra.
The seven-headed hydra is lightly wounded.
The seven-headed hydra closely misses you.
The seven-headed hydra bites you but does no damage.
The seven-headed hydra bites you!
The seven-headed hydra bites you but does no damage. x2
The seven-headed hydra bites you. x2
You puncture the seven-headed hydra!
The seven-headed hydra is moderately wounded.
You block the seven-headed hydra's attack. x2
The seven-headed hydra bites you!
The seven-headed hydra completely misses you.
The seven-headed hydra bites you!
You block the seven-headed hydra's attack.
The seven-headed hydra barely misses you.
You hit the seven-headed hydra.
The seven-headed hydra is moderately wounded.
The seven-headed hydra bites you!
* * * LOW HITPOINT WARNING * * *
The seven-headed hydra bites you!
* * * LOW HITPOINT WARNING * * *
You block the seven-headed hydra's attack.
The seven-headed hydra completely misses you.
The seven-headed hydra bites you.
* * * LOW HITPOINT WARNING * * *
The seven-headed hydra bites you.
* * * LOW HITPOINT WARNING * * *
The seven-headed hydra bites you but does no damage.
You swap places.
You swap places.
You block the seven-headed hydra's attack.
The seven-headed hydra bites you.
* * * LOW HITPOINT WARNING * * *
You block the seven-headed hydra's attack.
The seven-headed hydra barely misses you. x2
The seven-headed hydra bites you!
You die...

#.......# #....... #.......#
#...:).. #.......# #....†..
#.......#### #..(....
#.......'..####.......
#.......##...##....^..
#.......####.##.......
#...D...# #..+.......
#...o@o.# ####.......
##'###### #....... #..#####
######## ##.....# #....
#####.# #.###
###############'#### ####.###
#.o.o.##...........# #.......
#####o##.......)...####.......
#..'......†....'..#.......


You could see a seven-headed hydra (ally target), the friendly Herok the orc
knight and a friendly orc warrior.

Vanquished Creatures
  A hydra (D:11)
  A centaur warrior (D:10)
  A two-headed ogre (D:7)
  Pikel (D:8)
  A gargoyle (D:10)
  An efreet (D:9)
  3 trolls
  A shadow (D:10)
  A vampire (D:9)
  5 yaks (D:10)
  A wraith (D:9)
  3 steam dragons
  4 vampire mosquitoes
  Edmund (D:6)
  2 ice beasts
  6 orc warriors
  A sky beast (D:8)
  2 black bears (D:6)
  A necrophage (D:5)
  2 ogres
  6 centaurs
  7 kobold brigands
  Blork the orc (D:6)
  4 bullfrogs
  A gnoll sergeant (D:10)
  2 scorpions
  11 killer bees
  6 howler monkeys
  8 wights
  5 centaur zombies
  2 jellies
  A centaur skeleton (D:5)
  6 orc priests
  A hound (D:5)
  Jessica (D:3)
  4 iguanas
  6 orc wizards
  4 gnolls
  8 adders
  2 shadow imps
  2 white imps
  An ufetubus (D:5)
  An adder zombie (D:5)
  An adder skeleton (D:5)
  A worm (D:2)
  3 dart slugs
  24 orcs
  4 bats
  4 endoplasms
  4 giant cockroaches
  11 goblins
  8 hobgoblins
  6 jackals (D:1)
  5 quokkas
  5 ball pythons
  4 frilled lizards
  21 kobolds
  5 rats
235 creatures vanquished.

Vanquished Creatures (collateral kills)
  2 two-headed ogres (D:10)
  A slime creature (D:10)
  2 vampire mosquitoes (D:10)
  2 orc warriors
  A killer bee (D:9)
  A howler monkey (D:9)
  A centaur zombie (D:10)
  An orc wizard (D:9)
  3 orcs (D:9)
14 creatures vanquished.

Vanquished Creatures (others)
  An orc warrior (D:10)
  Psyche (D:11)
  2 orc priests
  An orc wizard (D:9)
  2 orcs
7 creatures vanquished.

Grand Total: 256 creatures vanquished

Notes
Turn   | Place    | Note
-------+----------+-------------------------------------------
     0 | D:1      | wilfster70 the Hill Orc Fighter began the quest for the
                  | Orb.
     0 | D:1      | Reached XP level 1. HP: 19/19 MP: 1/1
   106 | D:1      | Reached skill level 3 in Axes
   113 | D:1      | Reached XP level 2. HP: 26/26 MP: 2/2
   450 | D:1      | Reached XP level 3. HP: 26/31 MP: 3/3
   728 | D:1      | Reached skill level 4 in Axes
   737 | D:1      | Found a faded altar of an unknown god.
  1080 | D:2      | Identified the +0 kite shield "Naneric" {Slay+3}
  1109 | D:2      | Reached XP level 4. HP: 34/39 MP: 4/4
  1529 | D:2      | Found Seluut's Armour Shop.
  1793 | D:3      | Identified the +7 leather armour of Distant Shores {rN+}
  1903 | D:3      | Noticed Jessica
  1905 | D:3      | Killed Jessica
  1906 | D:3      | Reached skill level 5 in Axes
  1906 | D:3      | Reached skill level 5 in Shields
  1906 | D:3      | Reached XP level 5. HP: 45/45 MP: 5/5
  1926 | D:3      | Got Jessica's Papyrus of Dislocation
  2030 | D:3      | Became a worshipper of Beogh the Brigand
  2788 | D:4      | Reached skill level 1 in Invocations
  3109 | D:4      | Noticed a black bear
  3110 | D:4      | Noticed an orc warrior
  3412 | D:5      | Entered Level 5 of the Dungeon
  3414 | D:5      | Noticed an ogre
  3430 | D:5      | Killed an ogre
  3431 | D:5      | Reached XP level 6. HP: 36/51 MP: 7/7
  3434 | D:5      | Reached skill level 6 in Axes
  3818 | D:5      | Reached skill level 11 in Axes
  3818 | D:5      | Reached XP level 7. HP: 57/57 MP: 8/14
  3830 | D:5      | Reached skill level 13 in Axes
  3830 | D:5      | Reached XP level 8. HP: 64/64 MP: 9/16
  3866 | D:5      | Reached XP level 9. HP: 69/70 MP: 15/17
  3975 | D:5      | Reached * piety under Beogh
  4470 | D:6      | Noticed Blork the orc
  4621 | D:6      | Killed Blork the orc
  4774 | D:6      | Identified the ring of the Camelopard {rF+ rCorr Str+4}
  4798 | D:6      | Found Limiss's Sacrilege Store.
  4983 | D:2      | Bought a +0 pair of boots for 54 gold pieces
  4983 | D:2      | Bought a +2 cloak of poison resistance for 222 gold pieces
  5316 | D:6      | Noticed Edmund
  5327 | D:6      | Killed Edmund
  5450 | D:6      | Found Lanasm's Jewellery Shop.
  5545 | D:7      | Found a staircase to the Ecumenical Temple.
  5767 | D:7      | Reached ** piety under Beogh
  5776 | D:7      | Reached XP level 10. HP: 64/77 MP: 19/19
  5917 | D:7      | Found a glowing golden altar of the Shining One.
  6286 | D:8      | Noticed a two-headed ogre
  6351 | D:7      | Killed a two-headed ogre
  6856 | D:8      | Noticed Pikel
  6861 | D:8      | Killed Pikel
  6862 | D:8      | Reached skill level 14 in Axes
  7121 | D:9      | Found a flagged portal.
  7137 | Bailey   | Entered a bailey
  7150 | Bailey   | Reached *** piety under Beogh
  7400 | Bailey   | Found an iron altar of Okawaru.
  7472 | D:9      | Found a staircase to the Orcish Mines.
  7489 | D:9      | Reached XP level 11. HP: 18/82 MP: 19/21
  7559 | D:9      | Found a roughly hewn altar of Beogh.
  8277 | D:10     | Entered Level 10 of the Dungeon
  8332 | D:10     | Found Piwut's Weapon Shop.
  8337 | D:10     | Found a staircase to the Lair.
  8429 | D:10     | Reached **** piety under Beogh
  8737 | D:10     | Noticed a two-headed ogre
  8738 | D:10     | Reached skill level 15 in Axes
  8739 | D:10     | Noticed a two-headed ogre
  8742 | D:10     | Killed a two-headed ogre
  8744 | D:10     | Killed a two-headed ogre
  9164 | D:10     | Noticed a centaur warrior
  9171 | D:10     | Killed a centaur warrior
  9333 | D:10     | Gained Herok as an ally
  9521 | D:11     | Noticed a seven-headed hydra
  9528 | D:11     | Killed an eight-headed hydra
  9529 | D:11     | Reached XP level 12. HP: 53/90 MP: 21/23
  9697 | D:11     | Noticed Psyche
  9707 | D:11     | Killed Psyche
  9941 | D:11     | Noticed a seven-headed hydra
  9960 | D:11     | Slain by a seven-headed hydra

Illustrated notes

Levels and vault maps discovered:
D:1:      lightli_arrival_statue_moat, layout_basic,
          dilly_ecumenical_altar_fadedgnrine
D:2:      layout_basic, serial_shops, nicolae_shop_behind_doors, hex_tiny
D:3:      layout_basic, kennysheep_jessica_study
D:4:      layout_layer_cave
D:5:      layout_rooms, minmay_fountain_box, minmay_pentangle
D:6:      layout_rooms, serial_shops, shop, nicolae_evil_shop, uniq_edmund,
          uniq_blork_the_orc
D:7:      layout_loops_cross, nicolae_overflow_crystal_walls,
          minmay_temple_entry_waves
D:8:      layout_rooms, chequers_arboretum, grunt_ministairs_8, uniq_pikel
D:9:      layout_roguey, minmay_orc_entry_temple_small, enter_bailey_5
D:10:     wad_guarded_room, layout_rooms, serial_shops, nicolae_shop_stone
D:11:     layout_roguey, serial_shops, nicolae_shop_overgrown_old_shop,
          nicolae_hepliaklqana_monster_ancestors, uniq_psyche

Skill      XL: |  1  2  3  4  5  6  7  8  9 10 11 |
---------------+----------------------------------+-----
Axes           | 3 4 5 11 13 14 15 | 15.6
Shields        | 4 5 9 11 12 13 | 13.5
Invocations    | 2 9 11 12 13 14 | 14.7
Fighting       | |  3.6
Armour         | |  3.2

Action                   |  1- 3 |  4- 6 |  7- 9 | 10-12 || total
-------------------------+-------+-------+-------+-------++-------
Melee: War axe           |    91 |   120 |   138 |   248 ||   597
       Trident           |       |       |       |     8 ||     8
Invok: Convert to Beogh  |       |     1 |       |       ||     1
  Use: Scroll            |       |     3 |     6 |    15 ||    24
       Potion            |       |     1 |     1 |       ||     2
 Stab: Distracted        |       |       |       |     1 ||     1
Armor: Scale mail        |    44 |    37 |       |       ||    81
       Plate armour      |       |     5 |    31 |       ||    36
       Leather armour    |       |       |    14 |   107 ||   121
Dodge: Dodged            |    43 |    53 |    31 |   111 ||   238
Block: Buckler           |    17 |       |       |       ||    17
       Kite shield       |     1 |    60 |    75 |   177 ||   313

Table legend: (Time is in decaauts)
 A = Elapsed time spent in this place.
 B = Non-inter-level travel time spent in this place.
 C = Inter-level travel time spent in this place.
 D = Time resting spent in this place.
 E = Time spent auto-exploring this place.
 F = Levels seen in this place.
 G = Mean time per level.
                   A        B        C        D        E       F      G
               +--------+--------+--------+--------+--------+-----+--------+
         Total |  10020 |   9476 |    544 |   2815 |   3086 |  12 |  835.0 |
       Dungeon |   9699 |   9155 |    544 |   2650 |   3086 |  11 |  881.7 |
        Bailey |    320 |    320 |      0 |    165 |      0 |   1 |  320.0 |
               +--------+--------+--------+--------+--------+-----+--------+

Top non-repeatable levels by time:
     D:3: 1411 daAuts
     D:5: 1204 daAuts
    D:10: 1126 daAuts
     D:1: 996 daAuts
     D:9: 932 daAuts
     D:7: 907 daAuts
     D:2: 769 daAuts
     D:6: 688 daAuts
     D:8: 603 daAuts
    D:11: 536 daAuts
     D:4: 522 daAuts
  Bailey: 320 daAuts
